Map: Lerilak Crest

Players

capac - Winner!

  • Race: Terran Terran
  • League: Gold

A.I. 1 (Very Hard)

  • Race: Terran Terran

VOD

Have the link to the VOD?

Description

Time

  • Played on: Feb. 23, 2016, 1:47 p.m.
  • Length: 14:05
Show
View Real Time Build Order
Export as new Build Order

capac Terran - Winner!

Build Orders: MMM Bio 

Get SALT Encoding   

  12  0:02  SCV  
  13  0:14  SCV  
  13  0:19  Supply Depot  
  14  0:26  SCV  
  15  0:41  SCV  
  16  0:43  Barracks  
  16  0:53  SCV  
  16  0:54  Refinery  
  17  1:05  SCV  
  18  1:17  SCV  
  19  1:29  SCV  
  20  1:36  Command Center  
  20  1:37  Barracks Reactor  
  20  1:44  Orbital Command  
  20  1:51  Supply Depot  
  20  2:16  Marine x2  
  20  2:17  Barracks  
  22  2:24  Factory  
  22  2:27  SCV  
  23  2:30  Refinery  
  23  2:34  Marine x2  
  25  2:39  SCV  
  26  2:49  Orbital Command  
  26  2:53  Marine x2  
  26  2:54  SCV  
  29  3:05  Barracks Tech Lab  
  29  3:08  SCV  
  29  3:11  Starport, Factory Reactor  
  30  3:13  Marine  
  30  3:14  Marine  
  30  3:19  SCV  
  33  3:31  Marine x2  
  35  3:36  Stimpack  
  35  3:37  SCV x2  
  37  3:45  Marine  
  38  3:51  Supply Depot  
  38  3:59  Marine x2  
  38  4:01  SCV x2  
  42  4:04  Factory Tech Lab  
  42  4:09  Engineering Bay  
  42  4:14  Barracks  
  42  4:16  Barracks, SCV x2  
  44  4:17  Marine x3  
  47  4:24  Supply Depot  
  47  4:30  Medivac x2  
  51  4:36  SCV  
  51  4:37  SCV  
  53  4:45  Marine  
  54  4:46  Marine  
  54  4:47  Marine  
  54  4:49  Siege Tank  
  59  4:55  Supply Depot  
  59  4:59  SCV  
  60  5:00  SCV  
  61  5:08  Liberator  
  61  5:20  Marine x2  
  63  5:22  Siege Tank  
  63  5:23  Supply Depot  
  69  5:31  SCV  
  69  5:32  Refinery  
  70  5:36  Refinery  
  70  5:39  Supply Depot  
  70  5:41  Combat Shields  
  70  5:44  SCV x2  
  72  5:50  Supply Depot  
  72  5:55  Liberator  
  72  5:57  SCV  
  72  5:58  Marine x4, SCV  
  72  5:59  Command Center  
  72  6:01  Marine  
  79  6:09  SCV  
  79  6:10  SCV  
  81  6:16  Marine x2  
  81  6:17  Barracks Reactor  
  87  6:19  Barracks Reactor  
  87  6:22  Marine  
  87  6:27  SCV x2  
  89  6:34  Marine x2  
  89  6:39  SCV x2  
  93  6:40  Supply Depot  
  93  6:43  Supply Depot  
  89  7:21  Liberator x2  
  77  7:28  Marine x5  
  77  7:29  Marine x2  
  83  7:30  SCV  
  83  7:31  SCV  
  83  7:35  Siege Tank  
  89  7:40  Terran Infantry Weapons Level 1  
  89  7:43  SCV  
  96  7:44  Supply Depot  
  96  7:45  SCV  
  96  7:46  Engineering Bay, Marine x6  
  103  7:55  SCV  
  104  7:59  Marine  
  104  8:03  Marine  
  104  8:04  Marine x5  
  111  8:06  Supply Depot, Liberator x2, Orbital Command  
  111  8:09  Siege Tank  
  114  8:16  Terran Infantry Armor Level 1  
  114  8:17  Marine  
  115  8:21  Starport, Marine x3  
  115  8:22  Marine x3  
  127  8:27  SCV x2  
  127  8:33  Refinery  
  129  8:34  Refinery  
  129  8:35  Marine  
  129  8:39  Marine x3, SCV  
  129  8:40  Marine x3  
  132  9:13  Medivac x2  
  132  9:16  Siege Tank  
  139  9:20  Starport Reactor  
  139  9:21  Factory  
  139  9:23  Marine x2  
  141  9:29  Armory  
  141  9:30  Marine x3  
  144  9:43  Medivac x2  
  148  9:50  Marine x2  
  148  9:51  Marine x5  
  155  9:53  SCV x3  
  158  10:00  Supply Depot, Siege Tank  
  158  10:04  Liberator  
  158  10:05  SCV  
  162  10:10  Medivac  
  164  10:21  Medivac x2  
  141  11:20  Marine x2  
  141  11:21  Marine x3  
  145  11:27  Liberator x4  
  145  11:40  Marine x2  
  145  11:41  Marine x5  
  164  12:06  Marine x4  
  164  12:07  Marine x3  
  171  12:24  Marine  
Show
View Real Time Build Order
Export as new Build Order

A.I. 1 (Very Hard) Terran 

Build Orders: MMM Bio 

Get SALT Encoding   

  12  0:00  SCV  
  13  0:13  SCV  
  14  0:19  Supply Depot  
  14  0:25  SCV  
  15  0:29  Refinery  
  15  0:40  SCV  
  16  0:48  Barracks  
  16  0:52  SCV  
  17  1:04  SCV  
  18  1:17  SCV  
  19  1:34  Marine  
  19  1:36  Supply Depot, Orbital Command  
  19  1:39  Factory  
  20  1:49  Barracks  
  20  1:52  Marine  
  21  2:02  SCV  
  21  2:04  Refinery  
  22  2:10  Marine  
  22  2:14  SCV  
  24  2:20  Supply Depot  
  24  2:24  Factory Tech Lab  
  24  2:26  SCV  
  24  2:28  Marine  
  26  2:36  Marine  
  27  2:44  Siege Tank, SCV  
  30  2:46  Marine  
  32  2:54  Marine  
  32  2:57  SCV  
  32  2:58  Supply Depot  
  34  3:04  Marine  
  35  3:12  Marine  
  36  3:16  Siege Tank  
  36  3:19  SCV  
  40  3:22  Marine  
  41  3:30  Supply Depot, Marine  
  42  3:38  SCV  
  43  3:48  Siege Tank  
  46  4:04  SCV, Command Center  
  46  4:06  Barracks Tech Lab  
  46  4:07  Barracks Tech Lab  
  47  4:16  SCV  
  48  4:18  Supply Depot  
  48  4:28  Marauder, SCV  
  48  4:29  Marauder  
  53  4:38  Stimpack  
  53  4:40  SCV  
  54  4:49  Marauder  
  54  4:50  Marine  
  57  4:53  Barracks  
  57  4:55  Supply Depot  
  57  5:08  Marine  
  57  5:11  Marauder  
  60  5:16  Siege Tank  
  60  5:19  SCV  
  64  5:23  SCV  
  64  5:26  Marauder  
  67  5:31  SCV  
  67  5:32  Marine  
  67  5:35  SCV  
  70  5:38  Combat Shields  
  70  5:40  Barracks Reactor  
  70  5:43  SCV  
  70  5:44  Engineering Bay  
  70  5:48  Marauder  
  70  5:49  SCV  
  74  5:55  Marauder, SCV  
  77  6:00  Supply Depot  
  77  6:01  SCV  
  78  6:08  SCV  
  78  6:09  Marauder  
  78  6:10  Terran Infantry Armor Level 1  
  81  6:13  SCV  
  81  6:16  Marauder  
  84  6:20  SCV  
  84  6:25  SCV  
  86  6:26  Supply Depot  
  86  6:30  Marauder  
  86  6:32  SCV  
  89  6:37  SCV  
  90  6:43  Refinery  
  90  6:44  Concussive Shells, SCV  
  90  6:45  Engineering Bay  
  91  6:48  Missile Turret  
  91  6:49  SCV  
  91  6:50  Supply Depot  
  92  6:54  Missile Turret  
  92  6:57  Command Center  
  91  7:03  Orbital Command  
  89  7:08  SCV  
  89  7:12  Marine  
  80  7:16  Marine  
  80  7:17  Marine  
  80  7:20  SCV  
  80  7:22  Marine  
  73  7:30  Marine  
  73  7:32  SCV  
  73  7:34  Marine, SCV  
  73  7:37  Marine  
  77  7:40  Marine  
  79  7:44  SCV  
  79  7:46  SCV  
  79  7:48  Marauder  
  83  7:53  Marauder  
  83  7:57  SCV  
  83  7:58  SCV  
  87  8:02  Terran Infantry Weapons Level 1  
  87  8:09  SCV  
  87  8:12  Barracks, SCV  
  89  8:15  SCV  
  90  8:21  SCV  
  90  8:24  SCV  
  93  8:27  SCV  
  93  8:33  SCV  
  94  8:34  Missile Turret  
  94  8:36  SCV  
  94  8:39  SCV  
  96  8:43  Missile Turret  
  96  8:45  SCV  
  96  8:47  Starport  
  97  8:50  SCV  
  97  8:51  Marine  
  97  8:53  Marine  
  97  8:54  Marine  
  84  8:56  Marine  
  84  8:59  Marine, SCV  
  84  9:02  SCV  
  80  9:03  SCV  
  80  9:09  Marine  
  68  9:11  Marauder, SCV  
  68  9:12  Marine  
  68  9:14  Marine, SCV  
  72  9:17  Marine, SCV  
  72  9:23  Starport Reactor, SCV  
  75  9:26  SCV  
  75  9:27  Marine  
  75  9:28  Siege Tank  
  75  9:29  SCV  
  75  9:30  Marine  
  82  9:32  Marine x2  
  82  9:34  Marine  
  82  9:35  SCV  
  86  9:39  SCV  
  86  9:41  Liberator  
  86  9:45  Marine  
  88  9:48  Marine  
  88  9:50  Marine x2  
  88  9:51  Orbital Command  
  88  9:52  Marine  
  91  9:58  Medivac  
  97  10:00  Siege Tank  
  97  10:03  Marauder  
  97  10:06  Supply Depot  
  102  10:08  Marauder  
  102  10:14  Refinery  
  104  10:15  Refinery  
  104  10:20  Refinery  
  104  10:24  Liberator  
  104  10:25  Marauder, Missile Turret  
  105  10:28  Medivac  
  105  10:30  Supply Depot, Marauder  
  105  10:32  Marine x2, Siege Tank  
  112  10:36  Marine  
  112  10:42  SCV x2  
  113  10:46  Marauder  
  115  10:50  Marine x2  
  115  10:56  Supply Depot  
  117  10:58  Viking  
  117  11:03  Marine  
  117  11:04  Marine, Siege Tank, Missile Turret  
  119  11:07  Marauder, Liberator  
  119  11:08  Marine x2  
  91  11:21  Marine  
  91  11:22  Marine  
  91  11:24  Missile Turret  
  87  11:26  Marine  
  87  11:27  Marauder  
  87  11:28  Viking, Marine  
  89  11:36  Siege Tank  
  89  11:39  Marine  
  85  11:40  Marine  
  85  11:41  SCV x2  
  85  11:42  SCV  
  85  11:44  Marine  
  85  11:46  Marine  
  83  11:48  Marauder  
  83  11:50  Liberator  
  83  11:53  SCV x2  
  83  11:54  SCV  
  71  11:57  Marine  
  71  11:58  Viking, Marine  
  65  12:01  Marine  
  65  12:04  Marine  
  65  12:05  SCV x2  
  65  12:06  SCV  
  66  12:09  Marauder, Siege Tank  
  66  12:14  Marine  
  61  12:17  SCV  
  61  12:18  SCV  
  61  12:19  SCV  
  61  12:21  Marine  
  61  12:22  Marine  
  60  12:28  Viking  
  60  12:29  SCV  
  59  12:30  Marine, SCV  
  59  12:31  SCV  
  59  12:32  Liberator  
  48  12:39  Marine  
  48  12:41  SCV  
  48  12:42  SCV  
  48  12:43  SCV  
  40  12:48  Marine  
  40  12:54  SCV x2  
  40  12:57  Marine  
  34  13:06  SCV  
  34  13:10  Viking  
  25  13:23  SCV  
  21  13:28  Barracks  
  20  13:35  SCV  
  18  13:47  SCV  
  16  13:49  Supply Depot  
  7  14:00  Command Center  
Tags
 
Composition
MMM BioMMM Bio
League
Gold
Matchup
TvT
Race
Terran
Add a new tag
Caveats
  • Supply blocks, unpowered buildings, or Contaminate may cause inaccurate times.
  • Supply counts are checked every 10 seconds.